 Dungeon Crawl Stone Soup version 0.22-a0-558-gc2241811a9 (webtiles) character file.

697 Hercules1031 the Nimble (level 7, -10/55 HPs)
             Began as a Spriggan Monk on June 26, 2018.
             Mangled by a worm (11 damage)
             ... on level 4 of the Dungeon.
             The game lasted 00:15:22 (3614 turns).

Hercules1031 the Nimble (Spriggan Monk)             Turns: 3614, Time: 00:15:22

Health: -10/55     AC:  2    Str: 11 (12) XL:     7   Next: 38%
Magic:  10/10      EV: 24    Int: 11      God:
Gold:   135        SH:  0    Dex: 20 (21) Spells: 8/9 levels left

rFire    + . .     SeeInvis +   k - +0 rapier (elec)
rCold    x . .     Gourm    .   (shield restricted)
rNeg     . . .     Faith    .   b - +0 robe
rPois    .         Spirit   .   (helmet restricted)
rElec    .         Reflect  .   (no cloak)
rCorr    .         Harm     .   (gloves unavailable)
MR       +....                  (boots unavailable)
Stlth    ..........             (no amulet)
HPRegen  0.18/turn              g - +5 ring of slaying
MPRegen  0.12/turn              p - ring of fire

@: berserking, quick
A: very small, unfitting armour, horns 1, see invisible, deterioration 1,
herbivore, speed 3, slow metabolism 2, MP-powered wands
a: no special abilities


You were on level 4 of the Dungeon.
You were not hungry.

You visited 1 branch of the dungeon, and saw 4 of its levels.

You collected 135 gold pieces.

Inventory:

Hand Weapons
 a - a +0 short sword
 f - a +2 dagger of venom
 k - a +0 rapier of electrocution (weapon)
Armour
 b - a +0 robe (worn)
Jewellery
 g - a +5 ring of slaying (left hand)
 p - a ring of fire (right hand)
Scrolls
 c - 3 scrolls of identify
 d - a scroll of random uselessness {unknown}
 e - a scroll of remove curse {unknown}
 j - a scroll of immolation {unknown}
 l - a scroll of noise {unknown}
 n - a scroll of fog {unknown}
 o - a scroll of blinking {unknown}
 q - a scroll of teleportation {unknown}
Potions
 h - a potion of magic
Comestibles
 i - 4 rations


   Skills:
 + Level 3.8 Fighting
 + Level 5.0 Short Blades
 * Level 8.0 Dodging
 * Level 6.6 Stealth
 + Level 1.9 Spellcasting
 - Level 0.2 Conjurations
 - Level 0.2 Fire Magic


You had 8 spell levels left.
You knew the following spells:

 Your Spells              Type           Power        Failure   Level  Hunger
a - Flame Tongue          Conj/Fire      #....        26%         1    ##.....

Your spell library contained the following spells:

 Spells                   Type           Power        Failure   Level  Hunger
 Fireball                 Conj/Fire      #.........   100%        5    ######.
 Conjure Flame            Conj/Fire      #.......     63%         3    ####...
 Throw Flame              Conj/Fire      #.....       38%         2    ###....
 Sticky Flame             Conj/Fire      #.......     95%         4    #####..
 Inner Flame              Hex/Fire       #.......     63%         3    ####...


Dungeon Overview and Level Annotations

Branches:
Dungeon (4/15)
 Temple: D:4-7

Altars:


Innate Abilities, Weirdness & Mutations

You are very small and have problems with some larger weapons.
You are too small for most types of armour.
You have supernaturally acute eyesight. (SInv)
You are a herbivore.
You cover ground extremely quickly.
You need to consume almost no food.
You have a pair of small horns on your head.
Your body sometimes deteriorates upon taking damage.
You expend magic power (3 MP) to strengthen your wands.


Message History

You puncture the worm! You headbutt the worm.
The worm is heavily wounded.
The adder completely misses you. x2; The worm splashes around in the water.
You puncture the worm!
The worm is almost dead.
The adder completely misses you.
The worm splashes around in the water.
Your unstable footing causes you to fumble your attack.
The adder bites you but does no damage. The worm misses you.
You hit the worm.
You kill the worm!
Your Dodging skill increases to level 8!
The adder closely misses you. The worm bites you!
* * * LOW HITPOINT WARNING * * *
Your body deteriorates!
You feel weakened.
Unknown command.
It was a potion of berserk rage.
A red film seems to cover your vision as you go berserk!
You feel yourself moving faster!
You feel mighty! The adder barely misses you. The adder misses you.
The worm bites you!
You die...

#................?..#
....≈...........?..#
≈≈≈≈≈.≈..........#
####≈#≈#≈≈.........#
#≈≈≈≈≈≈≈≈†.........#
#≈########.#'#######
#≈≈≈r≈≈# #.#.#
####S#w# #.#.# #≈≈w@#
# #.#.# #≈##≈#
###.######## # ≈≈#
#......... #≈##
########## #≈ #≈ ##


You could see a worm, an adder and a river rat.

Vanquished Creatures
  Sigmund (D:2)
  A phantom (D:4)
  An ogre (D:4)
  A scorpion (D:4)
  An orc priest (D:4)
  A bullfrog skeleton (D:4)
  2 iguanas (D:4)
  An orc wizard (D:4)
  3 gnolls (D:4)
  4 adders
  A river rat (D:4)
  4 worms
  2 dart slugs (D:2)
  4 leopard geckos
  6 orcs
  6 bats
  3 giant cockroaches
  7 goblins
  10 hobgoblins
  14 jackals
  2 quokkas
  5 frilled lizards
  A jackal zombie (D:2)
  8 kobolds
  A quokka skeleton (D:4)
  9 rats
99 creatures vanquished.

Notes
Turn   | Place    | Note
-------+----------+-------------------------------------------
     0 | D:1      | Hercules1031 the Spriggan Monk began the quest for the Orb.
     0 | D:1      | Reached XP level 1. HP: 11/11 MP: 2/2
   482 | D:1      | Reached XP level 2. HP: 16/16 MP: 3/3
   888 | D:1      | Reached skill level 5 in Dodging
  1382 | D:2      | Reached XP level 3. HP: 19/19 MP: 4/4
  1532 | D:2      | Noticed Sigmund
  1540 | D:2      | Killed Sigmund
  1540 | D:2      | Reached skill level 6 in Dodging
  1540 | D:2      | Reached XP level 4. HP: 24/24 MP: 5/5
  1540 | D:2      | Reached XP level 5. HP: 28/28 MP: 6/6
  2377 | D:3      | Reached skill level 5 in Stealth
  2554 | D:3      | Reached XP level 6. HP: 28/32 MP: 7/7
  2993 | D:4      | Reached skill level 7 in Dodging
  3017 | D:4      | Learned a level 1 spell: Flame Tongue
  3089 | D:4      | Reached skill level 1 in Spellcasting
  3097 | D:4      | Gained mutation: You expend magic power (3 MP) to strengthen your wands. [potion of mutation]
  3097 | D:4      | Gained mutation: Your body sometimes deteriorates upon taking damage. [potion of mutation]
  3097 | D:4      | Gained mutation: You have a pair of small horns on your head. [potion of mutation]
  3126 | D:4      | Reached XP level 7. HP: 19/37 MP: 9/9
  3183 | D:4      | Reached skill level 5 in Short Blades
  3613 | D:4      | Reached skill level 8 in Dodging
  3613 | D:4      | HP: 1/37 [worm (11)]
  3614 | D:4      | Mangled by a worm

Vault maps used:
D:1:      mrwooster_arrival_statue
D:2:      uniq_sigmund
D:4:      lightli_sewer_entry_pipes, uniq_menkaure, uniq_blork_the_orc

Skill      XL: |  1  2  3  4  5  6  7 |
---------------+----------------------+-----
Dodging        | 5 6 7 8 |  8.0
Fighting       | 3 |  3.8
Short Blades   | 4 5 |  5.0
Stealth        | 4 5 6 |  6.6
Spellcasting   | 1 |  1.9
Conjurations   | |  0.2
Fire Magic     | |  0.2

Action                   |  1- 3 |  4- 6 |  7- 9 || total
-------------------------+-------+-------+-------++-------
Melee: Short sword       |    35 |       |       ||    35
       Dagger            |    72 |   163 |       ||   235
       Headbutt          |       |     6 |     8 ||    14
       Rapier            |       |       |    43 ||    43
  Use: Scroll            |     1 |     2 |     1 ||     4
       Potion            |       |     8 |     1 ||     9
 Stab: Sleeping          |     5 |    14 |     2 ||    21
  Eat: Ration            |     1 |       |       ||     1
Armor: Robe              |     3 |     8 |     3 ||    14
Dodge: Dodged            |    73 |   119 |    62 ||   254

Table legend:
 A = Spawn XP
 B = Non-spawn XP
 C = Spawn XP percentage of total XP
 D = Spawn monster count
 E = Non-spawn monster count
 F = Spawn count percentage of total count
 G = Total turns spent on level
                    A         B        C        D         E        F      G
               +---------+---------+-------+---------+---------+-------+---------
         Total |       0 |     997 |   0.0 |       0 |      99 |   0.0 |  3614
               +---------+---------+-------+---------+---------+-------+---------
           D:1 |       0 |      40 |   0.0 |       0 |      22 |   0.0 |  1376
           D:2 |       0 |     281 |   0.0 |       0 |      30 |   0.0 |   927
           D:3 |       0 |      71 |   0.0 |       0 |      23 |   0.0 |   683
           D:4 |       0 |     605 |   0.0 |       0 |      24 |   0.0 |   628
               +---------+---------+-------+---------+---------+-------+---------
